 Dungeon Crawl Stone Soup version 0.31.0-9-g3a7656b989 (webtiles) character file.

Game seed: 5302258059881521007

37 qw the Shooter (level 3, -1/20 HPs)
             Began as a Deep Elf Hunter on Feb 2, 2024.
             Slain by a goblin
             ... wielding a +0 club
             ... led by Robin
              (5 damage)
             ... on level 2 of the Dungeon.
             The game lasted 00:00:03 (1048 turns).

qw the Shooter (Deep Elf Hunter)                    Turns: 1048, Time: 00:00:03

Health: -1/20      AC:  6    Str: 12    XL:     3   Next: 21%
Magic:  5/5        EV: 11    Int: 12    God:
Gold:   10         SH:  0    Dex: 19    Spells: 2/2 levels left

rFire   . . .        a - +0 shortbow
rCold   . . .        (shield currently unavailable)
rNeg    . . .        g - +0 ring mail
rPois   .            (no helmet)
rElec   .            (no cloak)
rCorr   .            h - +0 pair of gloves
SInv    .            (no boots)
Will    +....        (no amulet)
Stlth   +            (no ring)
HPRegen 0.23/turn    (no ring)
MPRegen 0.09/turn

%: no passive effects
@: no status effects
A: strong-willed 1, strong 1
a: no special abilities


You were on level 2 of the Dungeon.
You visited 1 branch of the dungeon, and saw 2 of its levels.

You collected 10 gold pieces.


Innate Abilities, Weirdness & Mutations

You are strong-willed. (Will+)
Your muscles are strong. (Str +4, Int/Dex -1)


   Skills:
 - Level 1.5 Fighting
 + Level 6.8 Ranged Weapons
 - Level 2.4 Dodging
 - Level 1.2 Stealth


You had 2 spell levels left.
You didn't know any spells.
Your spell library was empty.

Inventory:

Hand Weapons
 a - a +0 shortbow (weapon)
Armour
 g - a +0 ring mail (worn)
 h - a +0 pair of gloves (worn)
 j - a +0 pair of boots
Scrolls
 b - a scroll of fear {unknown}
Potions
 c - a potion of attraction {unknown}
 d - 2 potions of mutation
 e - 2 potions of curing
 f - a potion of enlightenment
 i - a potion of brilliance {unknown}

Dungeon Overview and Level Annotations

Branches:
Dungeon (2/15)

Altars:

Annotations:
D:2 Robin


Message History

You kill the goblin!
The goblin barely misses you.
You shoot an arrow.
The arrow completely misses the hobgoblin.
The hobgoblin hits you but does no damage.
The goblin hits you with a +0 club. x2
A hobgoblin comes into view. x2
Robin roars a battlecry!
The hobgoblin goes into a battle-frenzy!
The hobgoblin misses you.
You hear a shout!
You shoot an arrow.
The arrow hits the hobgoblin but does no damage.
The hobgoblin is lightly wounded.
The goblin barely misses you. The hobgoblin barely misses you.
You shoot an arrow. The arrow hits the hobgoblin.
You kill the hobgoblin!
The goblin hits you but does no damage.
A ball python comes into view.
You shoot an arrow. The ball python hisses angrily.
The arrow hits the ribbon worm.
The ribbon worm is moderately wounded.
The goblin hits you with a +0 club.
A goblin comes into view. It is wielding a +0 club.
The ribbon worm bites you but does no damage.
You shoot an arrow. The arrow hits the ribbon worm!
The ribbon worm is heavily wounded.
The goblin hits you with a +0 club.
The ribbon worm expels a string of sticky webbing.
The stream of webbing hits you but does no damage.
You are caught in a web!
The web tears apart.
A goblin comes into view. It is wielding a +0 club.
The goblin hits you but does no damage. The ribbon worm closely misses you.
You shoot an arrow.
The arrow hits the ribbon worm but does no damage.
The ribbon worm is heavily wounded.
The goblin hits you with a +0 club.
You die...

#.##..##
##..#.###.
##.#..## ##.#.#
.#.#.## ##.#.#
.....########....#
.#.............###
.....#######.....#
.%#### #....#.#.#
.<# #.####.#g##
..# .. #.#@.# ..#
# #gw#S# ..# ##.
... ..# .g g..#
#... ... .....
.### ..## ##.##.
## .## .# # .. .#


You could see a ribbon worm (catching breath), a hobgoblin (strong), 3 goblins
and a ball python.

Vanquished Creatures
  A gnoll (D:1)
  A ribbon worm (D:2)
  3 bats (D:1)
  An endoplasm (D:1)
  5 goblins
  5 hobgoblins
  A quokka (D:1)
  3 ball pythons
  A frilled lizard (D:1)
  2 kobolds (D:1)
  2 rats
25 creatures vanquished.

Notes
Turn   | Place    | Note
-------+----------+-------------------------------------------
     0 | D:1      | qw the Deep Elf Hunter began the quest for the Orb.
     0 | D:1      | Reached XP level 1. HP: 12/12 MP: 3/3
     0 | D:1      | 0 ||| qw: Version: 0.3-a-155-g5e7d8dd
     0 | D:1      | 0 ||| qw: Game counter: 2567
     0 | D:1      | 0 ||| qw: Melee chars always use a shield: true
     0 | D:1      | 0 ||| qw: God list: Okawaru
     0 | D:1      | 0 ||| qw: Allow faded altars: false
     0 | D:1      | 0 ||| qw: Do Orc after clearing Dungeon:15 true
     0 | D:1      | 0 ||| qw: Do second Lair branch before Depths: true
     0 | D:1      | 0 ||| qw: Lair rune preference: random
     0 | D:1      | 0 ||| qw: Goals: Normal
     0 | D:1      | 0 ||| PLANNING D:1-11
   164 | D:1      | Reached skill level 6 in Ranged Weapons
   164 | D:1      | Reached XP level 2. HP: 16/16 MP: 4/4
   826 | D:1      | 826 ||| UPGRADING to +0 ring mail.
   836 | D:1      | 836 ||| DROPPING +0 leather armour.
   837 | D:1      | 837 ||| UPGRADING to +0 pair of gloves.
   842 | D:1      | 842 ||| READING 2 scrolls labelled JUSUUW RESTA.
   842 | D:1      | 842 ||| IDENTIFYING fuming silvery potion
   843 | D:1      | 843 ||| READING scroll of identify.
   843 | D:1      | 843 ||| IDENTIFYING 2 blue potions
   844 | D:1      | 844 ||| READING 3 scrolls labelled TABEGU NIWKORY.
   945 | D:1      | 945 ||| DRINKING 3 fizzy dark potions.
   945 | D:1      | Gained mutation: You are strong-willed. (Will+) [potion of
                  | mutation]
   945 | D:1      | Gained mutation: Your muscles are strong. (Str +4, Int/Dex
                  | -1) [potion of mutation]
   946 | D:1      | 946 ||| DROPPING scroll of butterflies.
   947 | D:1      | 947 ||| DROPPING 2 scrolls of vulnerability.
   987 | D:2      | Reached XP level 3. HP: 20/20 MP: 5/5
  1038 | D:2      | Noticed Robin
  1046 | D:2      | HP: 4/20 [goblin/+0 club[Robin] (5)]
  1048 | D:2      | Slain by a goblin

Levels and vault maps discovered:
D:1:      heliophobic_arrival_dark_side_of_the_moon, layout_basic,
          minmay_misc_feat_tower
D:2:      layout_rooms, uniq_robin, uniq_sigmund

Skill      XL: |  1 |
---------------+----+-----
Ranged Weapons | 6 |  6.8
Fighting       | |  1.5
Dodging        | |  2.4
Stealth        | |  1.2

Action                     || total
---------------------------++-------
   Fire: Shortbow          ||    77
    Use: Scroll            ||     3
         Potion            ||     1
 Armour: Leather armour    ||     5
         Ring mail         ||    13
  Dodge: Dodged            ||    19

Table legend:
 A = Non-vault XP
 B = Vault XP
 C = Vault XP percentage of total XP
 D = Non-vault monster count
 E = Vault monster count
 F = Vault count percentage of total count
                 A         B        C        D         E       F
            +---------+---------+-------+---------+---------+-------
      Total |      45 |       8 |  15.1 |      21 |       4 |  16.0
            +---------+---------+-------+---------+---------+-------
        D:1 |      33 |       0 |   0.0 |      15 |       0 |   0.0
        D:2 |      12 |       8 |  40.0 |       6 |       4 |  40.0
            +---------+---------+-------+---------+---------+-------
